 Dungeon Crawl Stone Soup version 0.29-a0-231-g945431f764 (webtiles) character file.

Game seed: 455549238879539937

1614 Crownlay the Magician (level 8, -1/69 HPs)
             Began as a Green Draconian Warper on Feb 28, 2022.
             Was a Believer of Qazlal.
             Slain by Joseph
             ... wielding a +3 quarterstaff of speed
              (11 damage)
             ... on level 7 of the Dungeon.
             The game lasted 00:21:52 (8205 turns).

Crownlay the Magician (Green Draconian Warper)      Turns: 8205, Time: 00:21:52

Health: -1/69      AC:  7    Str: 14    XL:     8   Next: 64%
Magic:  17/17      EV: 12    Int: 15    God:    Qazlal [**....]
Gold:   308        SH:  3    Dex: 11    Spells: 16/19 levels left

rFire   . . .      SeeInvis .   u - +8 dagger "Ryeck" {vamp, Fly Will+}
rCold   . . .      Faith    .   (no shield)
rNeg    . . .      Spirit   .   (body armour unavailable)
rPois   +          Reflect  .   (helmet restricted)
rElec   .          Harm     .   a - +0 cloak
rCorr   .          Rampage  .   (no gloves)
Will    +....                   (no boots)
Stlth   +.........              m - amulet of magic regeneration
HPRegen 0.21/turn               (no ring)
MPRegen 0.55/turn               (no ring)

@: flying
A: breathe noxious fumes, AC +6, unfitting armour, poison resistance,
cold-blooded
a: Breathe Noxious Fumes, Renounce Religion, Upheaval


You were on level 7 of the Dungeon.
You worshipped Qazlal.
Qazlal was pleased with you.
You visited 1 branch of the dungeon, and saw 7 of its levels.

You collected 308 gold pieces.

Inventory:

Hand Weapons
 n - the +3 mace "Ukofim" {venom, *Corrode rPois rN+}
   (You found it on level 2 of the Dungeon)

   It poisons the flesh of those it strikes.
   rPois:     It protects you from poison.
   rN:        It protects you from negative energy.
   *Corrode:  It may corrode you when you take damage.
 o - a +1 vampiric trident
 u - the +8 dagger "Ryeck" (weapon) {vamp, Fly Will+}
   (You found it on level 4 of the Dungeon)

   It occasionally heals its wielder for a portion of the damage dealt when it
   wounds a living foe.
   Fly:       It grants you flight.
   Will:      It increases your willpower.
Missiles
 c - a boomerang of dispersal (quivered)
 k - 9 poisoned darts
 p - a throwing net
 r - a boomerang
Armour
 a - a +0 cloak (worn)
 z - a +0 kite shield
Jewellery
 m - an amulet of magic regeneration (around neck)
 A - a ring of fire
Wands
 w - a wand of acid (8)
Scrolls
 b - 3 scrolls of blinking
 d - a scroll of amnesia {unknown}
 e - a scroll of brand weapon {unknown}
 f - 4 scrolls of teleportation
 g - 2 scrolls of identify {unknown}
 h - 2 scrolls of fog {unknown}
 i - a scroll of magic mapping {unknown}
 l - a scroll of vulnerability {unknown}
 q - a scroll of torment {unknown}
 v - 2 scrolls of fear {unknown}
 y - a scroll of enchant armour {unknown}
 B - a scroll of holy word {unknown}
Potions
 j - a potion of berserk rage {unknown}
 s - a potion of degeneration {unknown}
 t - a potion of might {unknown}
 x - a potion of attraction {unknown}


   Skills:
 + Level 5.6 Fighting
 - Level 2.0 Polearms
 - Level 0.8 Throwing
 - Level 2.1 Dodging
 + Level 1.5 Shields
 - Level 6.0 Spellcasting
 + Level 3.4 Conjurations
 - Level 4.0 Translocations
 + Level 3.6 Poison Magic
 - Level 5.0 Invocations


You had 16 spell levels left.
You knew the following spells:

 Your Spells              Type           Power      Damage    Failure   Level
a - Blink                 Tloc           32%        N/A       4%          2
b - Magic Dart            Conj           56%        1d5       3%          1

Your spell library contained the following spells:

 Spells                   Type           Power      Damage    Failure   Level
 Gell's Gravitas          Tloc           16%        N/A       9%          3
 Lesser Beckoning         Tloc           16%        N/A       9%          3
 Teleport Other           Tloc           16%        N/A       9%          3
 Static Discharge         Conj/Air       9%         N/A       11%         2
 Slow                     Hex            16%        N/A       14%         1
 Mephitic Cloud           Conj/Pois/Air  11%        N/A       17%         3
 Call Imp                 Summ           4%         N/A       22%         2
 Conjure Flame            Conj/Fire      9%         6-21      22%         3
 Ignite Poison            Fire/Tmut/Pois 8%         N/A       26%         3
 Confusing Touch          Hex            4%         N/A       41%         3
 Vampiric Draining        Necr           4%         2d6       41%         3
 Sticky Flame             Conj/Fire      9%         2d3       58%         4
 Manifold Assault         Tloc           16%        N/A       61%         5
 Dispel Undead            Necr           4%         3d7       82%         4


Dungeon Overview and Level Annotations

Branches:
Dungeon (7/15)             Temple (0/1) D:4

Altars:
Gozag
Kikubaaqudgha
Qazlal
Trog

Shops:
D:3 (

Annotations:
D:4 2 transporters, nago's ghost, weakling DsDe
D:7 Inarius's ghost, novice DsFi; Joseph


Innate Abilities, Weirdness & Mutations

You can breathe blasts of noxious fumes.
Your lurid green scales are hard. (AC +6)
You cannot fit into any form of body armour.
Your system is resistant to poisons. (rPois)
You are cold-blooded and may be slowed by cold attacks.


Message History

You block Joseph's attack.
A black bear comes into view.
Joseph hits you with a +3 quarterstaff of speed!
You closely miss Joseph. You tail-slap Joseph, but do no damage.
Joseph is lightly wounded.
Joseph hits you with a +3 quarterstaff of speed.
* * * LOW HITPOINT WARNING * * *
You hit Joseph.
You feel better.
You tail-slap Joseph.
Joseph is moderately wounded.
You block Joseph's attack.
You hit Joseph.
You feel better.
Your tail-slap misses Joseph.
Joseph is moderately wounded.
You block Joseph's attack.
Joseph hits you with a +3 quarterstaff of speed!
* * * LOW HITPOINT WARNING * * *
Okay, then.
Joseph unwields a +3 quarterstaff of speed.
Joseph wields a +0 hunting sling.
Joseph shoots a sling bullet.
The sling bullet closely misses you.
There is an open door here.
You reach down and close the door.
Something unseen opens the door.
You reach down and close the door.
Something unseen opens the door.
You reach down and close the door.
Something unseen breaks down the door.
It's broken and can't be closed.
It's broken and can't be closed.
It's broken and can't be closed.
You puncture Joseph!
You feel better.
You tail-slap Joseph.
Joseph is moderately wounded.
Joseph unwields a +0 hunting sling.
Joseph wields a +3 quarterstaff of speed.
Joseph misses you.
You hit Joseph.
You feel better.
Joseph is heavily wounded.
Joseph barely misses you.
You hit Joseph.
You feel better.
Joseph is heavily wounded.
Joseph hits you with a +3 quarterstaff of speed!
* * * LOW HITPOINT WARNING * * *
Joseph hits you with a +3 quarterstaff of speed!
You die...

#.##.......##h###.
#.##......##...... .. #.
#.##.....##8.h....
..##.#####.......##..#.###.
................##ch.o##O##
......# ##......#c#c..# ..
@......###......#y#O.#9$
.......#h@......#W#..##.
.......#.#@.....##....#
......h@.#..[....##≈.#.
......#..#........##8.
..... #..#.........##. ...#
#..#..........# ..
##.###..###?... . #.. ..#
... ... #.#


You could see Joseph, a black bear, a centaur, a killer bee and Inarius's ghost.

Vanquished Creatures
  A hornet (D:7)
  Sigmund (D:2)
  2 sky beasts (D:5)
  A black bear (D:5)
  A gnoll sergeant (D:6)
  2 necrophages
  A scorpion (D:6)
  2 howler monkeys
  5 hounds
  Crazy Yiuf (D:2)
  An orc priest (D:4)
  A jelly (D:5)
  Jessica (D:3)
  Terence (D:2)
  An iguana (D:6)
  5 orc wizards
  9 adders
  4 gnolls (D:6)
  A white imp (D:5)
  An ufetubus (D:5)
  A dart slug (D:5)
  17 orcs
  5 bats
  2 endoplasms (D:1)
  3 giant cockroaches
  6 goblins
  8 hobgoblins
  10 jackals
  3 quokkas
  13 ball pythons
  4 frilled lizards
  9 kobolds
  4 rats
127 creatures vanquished.

Vanquished Creatures (others)
  8 plants (D:2)
8 creatures vanquished.

Grand Total: 135 creatures vanquished

Notes
Turn   | Place    | Note
-------+----------+-------------------------------------------
     0 | D:1      | Crownlay the Draconian Warper began the quest for the Orb.
     0 | D:1      | Reached XP level 1. HP: 17/17 MP: 3/3
   218 | D:1      | Reached XP level 2. HP: 19/25 MP: 5/5
   280 | D:1      | Learned a level 2 spell: Blink
   561 | D:1      | Found a faded altar of an unknown god.
   763 | D:2      | Found a stormy altar of Qazlal.
   771 | D:2      | Became a worshipper of Qazlal Stormbringer
  1283 | D:2      | Reached XP level 3. HP: 6/30 MP: 1/7
  1577 | D:2      | Reached skill level 3 in Spellcasting
  1879 | D:2      | Reached skill level 1 in Invocations
  2068 | D:2      | Noticed Terence
  2600 | D:2      | Identified the +3 mace "Ukofim" {venom, *Corrode rPois rN+}
  2751 | D:2      | Found a runed translucent door.
  2751 | D:2      | Noticed Sigmund
  2752 | D:2      | Noticed Crazy Yiuf
  2759 | D:2      | Killed Sigmund
  2760 | D:2      | Reached skill level 4 in Spellcasting
  2760 | D:2      | Reached XP level 4. HP: 22/40 MP: 8/10
  2760 | D:2      | Reached XP level 5. HP: 26/46 MP: 8/11
  3199 | D:2      | Killed Terence
  3541 | D:3      | Found an opulent altar of Gozag.
  3542 | D:3      | Found Asotiut's Antique Weapon Shop.
  3646 | D:3      | Learned a level 1 spell: Magic Dart
  3675 | D:3      | Noticed Jessica
  3684 | D:3      | Killed Jessica
  3685 | D:3      | Reached XP level 6. HP: 51/52 MP: 12/12
  3697 | D:3      | Reached * piety under Qazlal
  3832 | D:3      | Found a bloodstained altar of Trog.
  4456 | D:4      | Found a staircase to the Ecumenical Temple.
  4458 | D:4      | Found a transporter.
  4464 | D:4      | Noticed nago's ghost (weakling DsDe)
  4516 | D:4      | Reached skill level 1 in Conjurations
  4549 | D:4      | Found a transporter.
  4673 | D:4      | Identified the +8 dagger "Ryeck" {vamp, Fly Will+}
  5102 | D:4      | Identified the +3 ring mail of Inquiry {SInv Stlth+}
  5169 | D:5      | Entered Level 5 of the Dungeon
  5309 | D:5      | Reached ** piety under Qazlal
  5384 | D:5      | Your scales start taking on a lurid green colour.
  5384 | D:5      | Reached XP level 7. HP: 58/59 MP: 14/14
  5384 | D:5      | Gained mutation: Your system is resistant to poisons.
                  | (rPois) [Green Draconian growth]
  5436 | D:5      | Reached skill level 5 in Spellcasting
  5468 | D:5      | Reached skill level 1 in Poison Magic
  6002 | D:5      | Reached XP level 8. HP: 62/67 MP: 16/16
  6412 | D:2      | Killed Crazy Yiuf
  6900 | D:6      | Reached skill level 5 in Fighting
  6975 | D:6      | Reached skill level 5 in Invocations
  7006 | D:6      | Reached skill level 6 in Spellcasting
  7294 | D:6      | Found an ancient bone altar of Kikubaaqudgha.
  7835 | D:7      | Noticed a hornet
  7857 | D:7      | Killed a hornet
  7858 | D:7      | Reached skill level 1 in Shields
  8158 | D:7      | Noticed a two-headed ogre
  8164 | D:7      | Noticed Inarius's ghost (novice DsFi)
  8167 | D:7      | Noticed a gargoyle
  8179 | D:7      | Noticed Joseph
  8205 | D:7      | Slain by Joseph

Illustrated notes

Levels and vault maps discovered:
D:1:      dpeg_arrival_tiny_f, layout_loops_ring,
          ebering_ecumenical_altar_sacrificial, minmay_stone_trees_small
D:2:      layout_loops_corners, serial_bayou, serial_bayou_lake_a,
          serial_bayou_pond_e, serial_bayou_pond_d, serial_bayou_ford_a,
          serial_bayou_shore_a, basic_altar, uniq_terence,
          uniq_crazy_yiuf_cottage, uniq_sigmund
D:3:      layout_rooms, trog_hazing_becter, nicolae_gozag_seed_capital,
          serial_shops, shop, roderic_roman_lattice, uniq_jessica
D:4:      layout_basic, minmay_temple_entry_crystal_x,
          gammafunk_ghost_stat_death, moated_statue,
          corexii_item_surrounded_by_moat
D:5:      layout_loops_corners, st_stairs_4
D:6:      layout_cave_pods, lemuel_crystal_altar
D:7:      layout_basic, enter_bailey_3, nzn_ghost_randoct,
          minmay_misc_feat_room, chequers_decorated_corner, grunt_ministairs_15,
          uniq_joseph, uniq_harold

Skill      XL: |  1  2  3  4  5  6  7  8 |
---------------+-------------------------+-----
Spellcasting   | 4 5 6 |  6.0
Invocations    | 2 3 4 5 |  5.0
Fighting       | 3 4 5 |  5.6
Conjurations   | 1 2 3 |  3.4
Poison Magic   | 2 3 |  3.6
Translocations | 4 |  4.0
Shields        | 1 |  1.5
Polearms       | |  2.0
Throwing       | |  0.8
Dodging        | |  2.1

Action                   |  1- 3 |  4- 6 |  7- 9 || total
-------------------------+-------+-------+-------++-------
Melee: Spear             |   157 |       |       ||   157
       Tailslap          |    13 |    11 |    17 ||    41
       Mace              |     7 |    88 |       ||    95
       Dagger            |     3 |    33 |   153 ||   189
       Punch             |       |     1 |       ||     1
Throw: Boomerang         |     3 |       |     2 ||     5
 Cast: Blink             |     9 |       |     2 ||    11
       Magic Dart        |       |    59 |    53 ||   112
Evoke: Wand              |       |       |     3 ||     3
  Use: Scroll            |       |     1 |       ||     1
       Potion            |       |       |     2 ||     2
Armor: Skin              |    33 |    44 |    38 ||   115
Dodge: Dodged            |    87 |    84 |    70 ||   241
Block: Other             |       |     4 |    14 ||    18

Table legend: (Time is in decaauts)
 A = Elapsed time spent in this place.
 B = Non-inter-level travel time spent in this place.
 C = Inter-level travel time spent in this place.
 D = Time resting spent in this place.
 E = Time spent auto-exploring this place.
 F = Levels seen in this place.
 G = Mean time per level.
                   A        B        C        D        E       F      G
               +--------+--------+--------+--------+--------+-----+--------+
         Total |   8309 |   7894 |    415 |    200 |   5787 |   7 | 1187.0 |
       Dungeon |   8309 |   7894 |    415 |    200 |   5787 |   7 | 1187.0 |
               +--------+--------+--------+--------+--------+-----+--------+

Top non-repeatable levels by time:
     D:2: 2809 daAuts
     D:4: 1181 daAuts
     D:6: 1154 daAuts
     D:5: 1125 daAuts
     D:1: 1023 daAuts
     D:3: 639 daAuts
     D:7: 375 daAuts
